[Event "Live Chess"]
[Site "Chess.com"]
[Date "2011.01.03"]
[Round "-"]
[White "hipposcottimus"]
[Black "Russian-tank"]
[Result "0-1"]
[CurrentPosition "r1bqk2r/p1p2pp1/2p2n1p/8/2p1P3/2P2P2/P1P3PP/R1BQ1RK1 w kq -"]
[Timezone "UTC"]
[ECO "C55"]
[ECOUrl "https://www.chess.com/openings/Italian-Game-Two-Knights-Defense"]
[UTCDate "2011.01.03"]
[UTCTime "03:36:38"]
[WhiteElo "1361"]
[BlackElo "1403"]
[TimeControl "600"]
[Termination "Russian-tank won by resignation"]
[StartTime "03:36:38"]
[EndDate "2011.01.03"]
[EndTime "03:38:35"]
[Link "https://www.chess.com/game/live/83665262"]

1. e4 e5 2. Nf3 Nf6 3. Bc4 Nc6 4. Nc3 h6 5. d4 exd4 6. Nxd4 Bb4 7. Nxc6 Bxc3+ 8. bxc3 bxc6 9. f3 d5 10. O-O dxc4 0-1

[Event "Live Chess"]
[Site "Chess.com"]
[Date "2011.01.03"]
[Round "-"]
[White "Swanrama"]
[Black "hipposcottimus"]
[Result "0-1"]
[CurrentPosition "5rk1/5ppp/4p3/8/2r4q/5qRK/5P1P/1Q1N4 w - -"]
[Timezone "UTC"]
[ECO "D00"]
[ECOUrl "https://www.chess.com/openings/Queens-Pawn-Opening-1...d5-2.e3-c5"]
[UTCDate "2011.01.03"]
[UTCTime "03:18:25"]
[WhiteElo "1301"]
[BlackElo "1368"]
[TimeControl "300+3"]
[Termination "hipposcottimus won by checkmate"]
[StartTime "03:18:25"]
[EndDate "2011.01.03"]
[EndTime "03:30:42"]
[Link "https://www.chess.com/game/live/83661385"]

1. d4 d5 2. e3 c5 3. c3 cxd4 4. cxd4 Nc6 5. Nf3 Nf6 6. Bb5 Bg4 7. Qa4 Bxf3 8. gxf3 e6 9. Bxc6+ bxc6 10. Qxc6+ Nd7 11. Nc3 Rc8 12. Qa4 Qb6 13. Nb5 a6 14. Nc3 Bb4 15. Bd2 O-O 16. Qxd7 Rc6 17. Na4 Bxd2+ 18. Kxd2 Qb4+ 19. Nc3 Qxb2+ 20. Ke1 Qxa1+ 21. Nd1 Rc1 22. Qa4 Qc3+ 23. Ke2 Rc2+ 24. Kf1 Qd2 25. Kg2 Rxa2 26. Qb3 a5 27. Rg1 a4 28. Qb1 a3 29. e4 Rc2 30. exd5 a2 31. Qb3 a1=Q 32. Kg3 Qaxd4 33. Kh3 Qxd5 34. Qa4 Rc4 35. Qb3 Qf4 36. Qb1 Qdxf3+ 37. Rg3 Qh4# 0-1

[Event "Live Chess"]
[Site "Chess.com"]
[Date "2011.01.03"]
[Round "-"]
[White "hipposcottimus"]
[Black "Swanrama"]
[Result "1-0"]
[CurrentPosition "8/8/2pb2Qk/8/1PP5/4P3/P2r3P/6RK b - -"]
[Timezone "UTC"]
[ECO "B20"]
[ECOUrl "https://www.chess.com/openings/Sicilian-Defense"]
[UTCDate "2011.01.03"]
[UTCTime "03:01:33"]
[WhiteElo "1361"]
[BlackElo "1308"]
[TimeControl "300+3"]
[Termination "hipposcottimus won by checkmate"]
[StartTime "03:01:33"]
[EndDate "2011.01.03"]
[EndTime "03:15:44"]
[Link "https://www.chess.com/game/live/83657767"]

1. e4 c5 2. Bb5 a6 3. Be2 Nc6 4. Nf3 Nf6 5. d3 d6 6. Bg5 Qa5+ 7. Nc3 Qb6 8. Na4 Qb5 9. c4 Qb4+ 10. Bd2 Qxa4 11. Qxa4 Bd7 12. Qd1 e6 13. O-O g6 14. Bc3 Bg7 15. d4 Nxd4 16. Bxd4 cxd4 17. Qxd4 O-O 18. Qxd6 Bc6 19. e5 Ne4 20. Qe7 Rae8 21. Qh4 f6 22. Bd3 Nc5 23. Be2 Ne4 24. Bd3 Nc5 25. Ne1 fxe5 26. b4 Bf6 27. Qg3 Nd7 28. Bxg6 hxg6 29. Qxg6+ Bg7 30. Nd3 e4 31. Nf4 Ne5 32. Qg5 Rf5 33. Qg3 Ref8 34. Nxe6 R8f7 35. Nd4 R5f6 36. Qxe5 Rg6 37. Qb8+ Rf8 38. Qa7 e3 39. fxe3 Rxg2+ 40. Kh1 Rd2+ 41. Nxc6 bxc6 42. Rxf8+ Bxf8 43. Rg1+ Kh8 44. Qxa6 Bd6 45. Qc8+ Kh7 46. Qg8+ Kh6 47. Qg6# 1-0

[Event "Live Chess"]
[Site "Chess.com"]
[Date "2011.01.03"]
[Round "-"]
[White "christar999"]
[Black "hipposcottimus"]
[Result "1-0"]
[CurrentPosition "8/2R4Q/8/5kp1/2P5/1P1P4/P4P2/6K1 b - -"]
[Timezone "UTC"]
[ECO "C50"]
[ECOUrl "https://www.chess.com/openings/Italian-Game"]
[UTCDate "2011.01.03"]
[UTCTime "02:38:45"]
[WhiteElo "1220"]
[BlackElo "1354"]
[TimeControl "600+1"]
[Termination "christar999 won on time"]
[StartTime "02:38:45"]
[EndDate "2011.01.03"]
[EndTime "02:58:33"]
[Link "https://www.chess.com/game/live/83653128"]

1. e4 e5 2. Bc4 Nc6 3. Nf3 Nf6 4. d3 d5 5. exd5 Nxd5 6. Bb5 Bd7 7. O-O Bd6 8. Re1 Bg4 9. h3 Bxf3 10. Qxf3 Nf6 11. Bg5 Be7 12. Rxe5 O-O 13. Bxc6 bxc6 14. Qxc6 Rb8 15. Bxf6 Bxf6 16. Rb5 Re8 17. Nc3 Re6 18. Qc4 Bxc3 19. Rxb8 Qxb8 20. Qxc3 f5 21. b3 Kh8 22. Re1 Rg6 23. Re7 c6 24. Qc5 f4 25. c4 f3 26. g3 h5 27. Qe3 Kh7 28. Qxf3 Rg5 29. h4 Rg4 30. Qf5+ Kh6 31. Re6+ g6 32. Qe5 Qd8 33. Qe3+ Kg7 34. Qxa7+ Kh6 35. Qe3+ Kg7 36. Rxc6 Qxh4 37. Rc7+ Kf6 38. Qe7+ Kf5 39. Qxh4 Rxg3+ 40. Qxg3 h4 41. Qxh4 g5 42. Qh7+ 1-0

[Event "Live Chess"]
[Site "Chess.com"]
[Date "2011.01.03"]
[Round "-"]
[White "hipposcottimus"]
[Black "christar999"]
[Result "1-0"]
[CurrentPosition "Q3k2r/p1p1np1p/qp2p1p1/6B1/2P5/2P5/P4PPP/3RK2R b Kkq -"]
[Timezone "UTC"]
[ECO "A40"]
[ECOUrl "https://www.chess.com/openings/Modern-Defense-with-1-d4-2.c4-Bg7-3.e4"]
[UTCDate "2011.01.03"]
[UTCTime "02:33:08"]
[WhiteElo "1364"]
[BlackElo "1208"]
[TimeControl "600+1"]
[Termination "hipposcottimus won by resignation"]
[StartTime "02:33:08"]
[EndDate "2011.01.03"]
[EndTime "02:35:55"]
[Link "https://www.chess.com/game/live/83652240"]

1. e4 g6 2. d4 Bg7 3. c4 b6 4. Nc3 Bb7 5. Be2 Nc6 6. Be3 e6 7. Bf3 Nge7 8. d5 Ne5 9. dxe6 Nxf3+ 10. Nxf3 dxe6 11. e5 Bxf3 12. Qxf3 Bxe5 13. Rd1 Bxc3+ 14. bxc3 Qc8 15. Bg5 Qa6 16. Qxa8+ 1-0

[Event "Live Chess"]
[Site "Chess.com"]
[Date "2011.01.03"]
[Round "-"]
[White "RBtraj1"]
[Black "hipposcottimus"]
[Result "1-0"]
[CurrentPosition "2krr3/ppp2p1p/4bp2/Q7/Pn3P2/3P1N1P/2P3P1/1K1R1B1R b - -"]
[Timezone "UTC"]
[ECO "C31"]
[ECOUrl "https://www.chess.com/openings/Kings-Gambit-Declined-Falkbeer-Accepted-Staunton-Line"]
[UTCDate "2011.01.03"]
[UTCTime "00:38:03"]
[WhiteElo "1392"]
[BlackElo "1353"]
[TimeControl "540+5"]
[Termination "RBtraj1 won on time"]
[StartTime "00:38:03"]
[EndDate "2011.01.03"]
[EndTime "00:46:22"]
[Link "https://www.chess.com/game/live/83625399"]

1. e4 e5 2. f4 d5 3. exd5 e4 4. Qe2 Nf6 5. d3 Qxd5 6. Nc3 Bb4 7. Bd2 Bxc3 8. Bxc3 Nc6 9. Bxf6 gxf6 10. Qxe4+ Be6 11. Nf3 Qb5 12. b3 O-O-O 13. O-O-O Nb4 14. Kb1 Qa5 15. a4 Rhe8 16. h3 Bxb3 17. Qf5+ Be6 18. Qxa5 1-0

[Event "Live Chess"]
[Site "Chess.com"]
[Date "2011.01.02"]
[Round "-"]
[White "deso75"]
[Black "hipposcottimus"]
[Result "1-0"]
[CurrentPosition "3q1rk1/p1p2ppp/3b4/8/4n1b1/3P4/PBPQ1PPP/RN3RK1 w - -"]
[Timezone "UTC"]
[ECO "C50"]
[ECOUrl "https://www.chess.com/openings/Italian-Game"]
[UTCDate "2011.01.02"]
[UTCTime "22:00:47"]
[WhiteElo "1299"]
[BlackElo "1369"]
[TimeControl "480"]
[Termination "deso75 won by resignation"]
[StartTime "22:00:47"]
[EndDate "2011.01.02"]
[EndTime "22:03:58"]
[Link "https://www.chess.com/game/live/83589154"]

1. e4 e5 2. Bc4 Nc6 3. Nf3 Nf6 4. d3 d5 5. Bb5 dxe4 6. Nxe5 Bd7 7. Nxc6 bxc6 8. Ba6 Bg4 9. Qd2 Bd6 10. O-O O-O 11. Bb7 Rb8 12. Bxc6 Rb6 13. Bxe4 Rxb2 14. Bxb2 Nxe4 1-0

[Event "Live Chess"]
[Site "Chess.com"]
[Date "2011.01.02"]
[Round "-"]
[White "Bagamon"]
[Black "hipposcottimus"]
[Result "0-1"]
[CurrentPosition "4r2k/1p4pp/5q2/8/8/7Q/PP6/K2r4 w - -"]
[Timezone "UTC"]
[ECO "D00"]
[ECOUrl "https://www.chess.com/openings/Queens-Pawn-Opening-1...d5-2.e3-c5"]
[UTCDate "2011.01.02"]
[UTCTime "21:40:00"]
[WhiteElo "1267"]
[BlackElo "1378"]
[TimeControl "480"]
[Termination "hipposcottimus won by checkmate"]
[StartTime "21:40:00"]
[EndDate "2011.01.02"]
[EndTime "21:55:54"]
[Link "https://www.chess.com/game/live/83583365"]

1. d4 d5 2. e3 c5 3. Bd2 cxd4 4. exd4 Nc6 5. c4 Nxd4 6. Be3 Nf5 7. cxd5 e6 8. Nc3 Bb4 9. Bc4 Nge7 10. Qa4+ Bd7 11. Qxb4 O-O 12. dxe6 fxe6 13. Bc5 a5 14. Qb3 a4 15. Bxe6+ Kh8 16. Qc4 Bc6 17. Qg4 Nh6 18. Bxe7 Qxe7 19. Qh3 Bd7 20. Nge2 Bxe6 21. Qe3 Ng4 22. Qd4 Rxf2 23. h3 Rd8 24. Qb6 Rxg2 25. hxg4 Bxg4 26. Qb5 Re8 27. O-O-O Bxe2 28. Nxe2 Rxe2 29. Qxa4 Qc5+ 30. Kb1 Qf5+ 31. Ka1 Qf6 32. Qb3 Rg2 33. Rhg1 Rh2 34. Rh1 Rf2 35. Rhf1 Rxf1 36. Qh3 Rxd1# 0-1

[Event "Live Chess"]
[Site "Chess.com"]
[Date "2011.01.02"]
[Round "-"]
[White "hipposcottimus"]
[Black "deeppurple2010"]
[Result "0-1"]
[CurrentPosition "6k1/1p4pp/p7/1b1p4/P7/1P6/3QpPPP/q5K1 w - -"]
[Timezone "UTC"]
[ECO "B20"]
[ECOUrl "https://www.chess.com/openings/Sicilian-Defense"]
[UTCDate "2011.01.02"]
[UTCTime "21:25:12"]
[WhiteElo "1372"]
[BlackElo "1322"]
[TimeControl "600"]
[Termination "deeppurple2010 won on time"]
[StartTime "21:25:12"]
[EndDate "2011.01.02"]
[EndTime "21:36:25"]
[Link "https://www.chess.com/game/live/83578027"]

1. e4 c5 2. Bb5 a6 3. Be2 d5 4. e5 Nc6 5. Nf3 f6 6. d4 cxd4 7. exf6 Nxf6 8. Nxd4 e5 9. Nb3 Bc5 10. Nxc5 Qa5+ 11. Bd2 Qxc5 12. O-O O-O 13. Qe1 Nd4 14. Bd3 e4 15. Bb4 Qb6 16. c3 exd3 17. cxd4 Qxd4 18. Bxf8 Kxf8 19. Qd2 Ne4 20. Qf4+ Kg8 21. Nd2 Bd7 22. Nxe4 Rf8 23. Nf6+ Qxf6 24. Qd2 Bb5 25. b3 Re8 26. Rfe1 Re2 27. Rxe2 dxe2 28. a4 Qxa1+ 0-1

[Event "Live Chess"]
[Site "Chess.com"]
[Date "2011.01.02"]
[Round "-"]
[White "hipposcottimus"]
[Black "Midelt-Ikhramjioun"]
[Result "1-0"]
[CurrentPosition "r1bq1r2/pp3p1p/2p3pk/4PP2/2B1Q3/8/PBP3PP/R4RK1 b - -"]
[Timezone "UTC"]
[ECO "C50"]
[ECOUrl "https://www.chess.com/openings/Italian-Game-Hungarian-Defense-4.d4-exd4-5.Nxd4"]
[UTCDate "2011.01.02"]
[UTCTime "20:31:53"]
[WhiteElo "1381"]
[BlackElo "1400"]
[TimeControl "600+2"]
[Termination "hipposcottimus won by resignation"]
[StartTime "20:31:53"]
[EndDate "2011.01.02"]
[EndTime "20:39:13"]
[Link "https://www.chess.com/game/live/83565051"]

1. e4 e5 2. Nf3 Nc6 3. Bc4 Be7 4. d4 exd4 5. Nxd4 Nf6 6. Nc3 O-O 7. O-O Ne5 8. Bb3 Bb4 9. f4 Neg4 10. e5 Bxc3 11. bxc3 Ne4 12. Qxg4 Nxc3 13. Bb2 Ne4 14. Nf5 g6 15. Nh6+ Kg7 16. f5 Kxh6 17. Qxe4 d5 18. Bxd5 c6 19. Bc4 1-0

[Event "Live Chess"]
[Site "Chess.com"]
[Date "2011.01.02"]
[Round "-"]
[White "hipposcottimus"]
[Black "Covkid"]
[Result "1-0"]
[CurrentPosition "8/1Q4pk/p1p4p/3p4/8/8/q5PP/6NK b - -"]
[Timezone "UTC"]
[ECO "C00"]
[ECOUrl "https://www.chess.com/openings/French-Defense-Steiner-Variation-2...d5-3.cxd5-exd5"]
[UTCDate "2011.01.02"]
[UTCTime "20:07:38"]
[WhiteElo "1381"]
[BlackElo "1279"]
[TimeControl "600"]
[Termination "hipposcottimus won on time"]
[StartTime "20:07:38"]
[EndDate "2011.01.02"]
[EndTime "20:24:49"]
[Link "https://www.chess.com/game/live/83558561"]

1. e4 e6 2. c4 d5 3. cxd5 exd5 4. e5 a6 5. d4 Nc6 6. Nc3 Bb4 7. Bd2 Nxd4 8. Nce2 Bxd2+ 9. Qxd2 Nxe2 10. Bxe2 Ne7 11. Nf3 O-O 12. O-O Bg4 13. Ng5 Bxe2 14. Qxe2 h6 15. Nh3 Re8 16. f4 Ng6 17. Rad1 c6 18. Qd3 Rb8 19. Rfe1 Qb6+ 20. Kh1 Qxb2 21. Rd2 Qb6 22. e6 Qc7 23. exf7+ Qxf7 24. Rf1 Re4 25. f5 Ne5 26. Qg3 Re8 27. f6 Rg4 28. Qe3 Rg6 29. Rdf2 Rxf6 30. Qg3 Rxf2 31. Rxf2 Qe7 32. Re2 Qb4 33. Rxe5 Qb1+ 34. Ng1 Rxe5 35. Qxe5 Qxa2 36. Qb8+ Kh7 37. Qxb7 1-0

[Event "Live Chess"]
[Site "Chess.com"]
[Date "2011.01.02"]
[Round "-"]
[White "wacv"]
[Black "hipposcottimus"]
[Result "1-0"]
[CurrentPosition "r3R1kr/p1p2Np1/2Q3P1/8/2BP1nbp/8/PPP2P1q/R4K2 b - -"]
[Timezone "UTC"]
[ECO "C55"]
[ECOUrl "https://www.chess.com/openings/Italian-Game-Two-Knights-Open"]
[UTCDate "2011.01.02"]
[UTCTime "03:58:06"]
[WhiteElo "1393"]
[BlackElo "1381"]
[TimeControl "600"]
[Termination "wacv won - game abandoned"]
[StartTime "03:58:06"]
[EndDate "2011.01.02"]
[EndTime "04:04:32"]
[Link "https://www.chess.com/game/live/83345535"]

1. e4 e5 2. Nf3 Nc6 3. Bc4 Nf6 4. d4 d5 5. exd5 e4 6. Ne5 Nxd5 7. Nxc6 bxc6 8. O-O Bd6 9. Re1 Bf5 10. g4 Bg6 11. Nd2 Qh4 12. Nxe4 Qxh2+ 13. Kf1 Bf4 14. Nf6+ Kf8 15. Nd7+ Kg8 16. Bxf4 Nxf4 17. Qf3 h5 18. g5 h4 19. Qxc6 Kh7 20. Ne5 Bh5 21. Nxf7 Bg4 22. g6+ Kg8 23. Re8+ 1-0

[Event "Live Chess"]
[Site "Chess.com"]
[Date "2011.01.02"]
[Round "-"]
[White "hipposcottimus"]
[Black "betqil"]
[Result "1-0"]
[CurrentPosition "3r2r1/p1Qk1pNp/1p4q1/3P4/1P3B2/8/1P3PPP/6K1 b - -"]
[Timezone "UTC"]
[ECO "B01"]
[ECOUrl "https://www.chess.com/openings/Scandinavian-Defense-Mieses-Kotrc-Variation-3.Nc3-Qe5-4.Be2"]
[UTCDate "2011.01.02"]
[UTCTime "03:39:34"]
[WhiteElo "1389"]
[BlackElo "1279"]
[TimeControl "600+5"]
[Termination "hipposcottimus won by checkmate"]
[StartTime "03:39:34"]
[EndDate "2011.01.02"]
[EndTime "03:51:10"]
[Link "https://www.chess.com/game/live/83342577"]

1. e4 d5 2. exd5 Qxd5 3. Nc3 Qe5+ 4. Be2 Bf5 5. d4 Qf6 6. Bf3 Nc6 7. Nge2 Rd8 8. d5 Nb4 9. O-O Nxc2 10. Rb1 Nb4 11. a3 Bxb1 12. axb4 Qg6 13. Nf4 Qf5 14. Re1 Bc2 15. Qd4 b6 16. Be4 Bxe4 17. Nxe4 e5 18. Ng3 Qf6 19. Rxe5+ Be7 20. Nfh5 Qd6 21. Nxg7+ Kf8 22. N3f5 Qg6 23. Rxe7 Nxe7 24. Nxe7 Kxe7 25. Qe5+ Kd7 26. Bf4 Rhg8 27. Qxc7# 1-0

[Event "Live Chess"]
[Site "Chess.com"]
[Date "2011.01.02"]
[Round "-"]
[White "betqil"]
[Black "hipposcottimus"]
[Result "0-1"]
[CurrentPosition "8/5kpp/4p3/4P3/8/2rb2P1/p4PKP/8 w - -"]
[Timezone "UTC"]
[ECO "D00"]
[ECOUrl "https://www.chess.com/openings/Queens-Pawn-Opening-Accelerated-London-System"]
[UTCDate "2011.01.02"]
[UTCTime "03:20:37"]
[WhiteElo "1285"]
[BlackElo "1383"]
[TimeControl "600+5"]
[Termination "hipposcottimus won by resignation"]
[StartTime "03:20:37"]
[EndDate "2011.01.02"]
[EndTime "03:36:40"]
[Link "https://www.chess.com/game/live/83338784"]

1. d4 d5 2. Bf4 Nc6 3. Nc3 e5 4. dxe5 Bb4 5. Qd3 Be6 6. a3 Ba5 7. e3 Nge7 8. b4 Nxb4 9. axb4 Bxb4 10. Qb5+ Nc6 11. Ne2 O-O 12. Qxb7 Qd7 13. g3 Rab8 14. Qa6 d4 15. Bg2 Rb6 16. Qd3 Bf5 17. Qd2 dxc3 18. Qxd7 Bxd7 19. Rd1 Bf5 20. O-O Bxc2 21. Rc1 Bd3 22. Rfe1 c2 23. Bxc6 Bxe1 24. Ba4 Bxe2 25. Rxe1 Bd3 26. e4 Rb1 27. Bc1 Rfb8 28. Bxc2 Bxc2 29. Kg2 a5 30. Bd2 a4 31. Rxb1 Rxb1 32. Be3 a3 33. Bd4 a2 34. Bc3 c5 35. e6 fxe6 36. Be5 c4 37. Bd4 Rb3 38. Ba1 Rb1 39. Bd4 Kf7 40. Be5 Bd3 41. Bd4 Rc1 42. Bb2 Rc2 43. Ba1 Rc1 44. Bb2 Rc2 45. Ba1 c3 46. e5 Rc1 47. Bxc3 Rxc3 0-1

[Event "Live Chess"]
[Site "Chess.com"]
[Date "2011.01.02"]
[Round "-"]
[White "hipposcottimus"]
[Black "Slagit"]
[Result "0-1"]
[CurrentPosition "rn6/ppk2pQp/2q5/2B5/8/4R3/PPP2PPP/RN1r2K1 w - -"]
[Timezone "UTC"]
[ECO "C41"]
[ECOUrl "https://www.chess.com/openings/Philidor-Defense-Exchange-Variation-4.Nxd4"]
[UTCDate "2011.01.02"]
[UTCTime "03:16:03"]
[WhiteElo "1377"]
[BlackElo "925"]
[TimeControl "600"]
[Termination "Slagit won by resignation"]
[StartTime "03:16:03"]
[EndDate "2011.01.02"]
[EndTime "03:19:44"]
[Link "https://www.chess.com/game/live/83337971"]

1. e4 e5 2. Nf3 d6 3. d4 exd4 4. Nxd4 Qe7 5. Bd3 c5 6. Nf5 Bxf5 7. O-O Bxe4 8. Bxe4 Qc7 9. Bf4 Nf6 10. Re1 Nxe4 11. Rxe4+ Be7 12. Bxd6 Qc6 13. Rxe7+ Kd8 14. Bxc5+ Kc8 15. Re3 Rd8 16. Qg4+ Kc7 17. Qxg7 Rd1+ 0-1